Cogmind - Beta 15 @@@ ROGUE MODE // 2025.07.21 @ 19:27:07 Player: Kabino11 Result: Destroyed by as-49116 with Assembled Blade Performance ------------- Evolutions (0) 0 Regions Visited (2) 400 Robots Destroyed (7) 35 Value Destroyed (135) 135 Prototype IDs (0) 0 Alien Tech Used (0) 0 Bonus (0) 0 TOTAL SCORE: 570 Bonus ------- None Cogmind --------- Core Integrity 0/250 Matter 235/300 Energy 100/100 System Corruption 6% Temperature Cool (0) Movement Core (300) Ox5 Location -10/Mines Parts ------- > --- POWER (1) -------- (None) > --- PROPULSION (2) --- Wheel > --- UTILITY (2) ------ Medium Storage Unit > --- WEAPON (2) ------- Light Cannon Rocket Launcher > --- INVENTORY (10) --- Compact Wheel Improved Heat Sink Medium Matter Pod (13) Medium Matter Pod (0) Medium Matter Pod (0) Assault Rifle Light Assault Rifle Light Cannon Makeshift Spear Peak State ------------ > --- POWER ------------ Light Ion Engine > --- PROPULSION ------- Wheel > --- UTILITY ---------- Medium Storage Unit Medium Matter Pod > --- WEAPON ----------- Light Cannon Makeshift Spear > --- INVENTORY -------- Medium Matter Pod Medium Matter Pod Assault Rifle Light Assault Rifle Light Cannon [Rating: 9] Favorites ----------- Power Light Ion Engine Engine Light Ion Engine Propulsion Wheel Wheel Wheel Utility Medium Storage Unit Device Heat Sink Storage Medium Storage Unit Weapon Light Cannon Ballistic Gun Assault Rifle Ballistic Cannon Light Cannon Launcher Grenade Launcher Piercing Weapon Makeshift Spear Build | -11 -10 -10 ------- Run | Yrd Mat Min Slots Evolved . | . . . Power . | . . . Propulsion . | . . . Utility . | . . . Weapon . | . . . Parts Attached 17 | 5 5 7 Power 2 | 1 1 . Engine 2 | 1 1 . Core . | . . . Reactor . | . . . Propulsion 3 | 2 . 1 Treads . | . . . Leg . | . . . Wheel 3 | 2 . 1 Hover . | . . . Flight . | . . . Utility 4 | . 2 2 Device 2 | . 1 1 Storage 2 | . 1 1 Processor . | . . . Hackware . | . . . Protection . | . . . Artifact . | . . . Weapon 8 | 2 2 4 Energy Gun . | . . . Energy Cannon . | . . . Ballistic Gun 2 | 2 . . Ballistic Cannon 3 | . 1 2 Launcher 2 | . 1 1 Special Weapon . | . . . Impact Weapon . | . . . Slashing Weapon . | . . . Piercing Weapon 1 | . . 1 Special Melee Weapon . | . . . Unidentified Prototypes . | . . . Parts Lost 8 | . . 8 Power 2 | . . 2 Propulsion 2 | . . 2 Utility 2 | . . 2 Weapon 2 | . . 2 Highest Loss Streak 6 | . . 6 To Critical Strikes . | . . . Average Backups 5 | 1 5 7 Power . | . 1 . Propulsion . | . 1 . Utility 1 | . . 3 Weapon 2 | . 3 3 Tool/Special . | . . . Unused Backups 5 | . 1 4 Power . | . . . Propulsion 1 | . . 1 Utility 3 | . . 3 Weapon 1 | . 1 . Tool/Special . | . . . Average Slot Usage (%) 88 | . 93 86 Engine 13 | . 14 13 Wheel 21 | . 28 18 Device 10 | . 12 10 Storage 14 | . 9 16 Ballistic Gun 2 | . 7 . Ballistic Cannon 15 | . 8 18 Launcher 9 | . 11 8 Peak Build Rating 9 | 5 7 9 Average Rating 5 | 4 6 6 On Entrance 4 | . 5 7 Naked Turns . | . . . Heaviest Build 22 | 6 22 22 Greatest Support 20 | 20 20 20 Greatest Overweight (x) 7 | . 1 7 Average Overweight (x) . | . . 1 Largest Inventory Capacity 10 | 5 10 10 Average Capacity 7 | 5 8 10 Most Carried 10 | 3 9 10 Average Carried 5 | 1 5 7 Final Capacity 10 | 5 10 10 Final Carried 9 | 3 9 9 Class Distribution -------------------- 100% | Mutant Dominant Class ---------------- Mutant | -10/Materials Mutant | -10/Mines Resources | -11 -10 -10 ----------- Run | Yrd Mat Min Matter Collected 501 | 270 12 219 Remotely . | . . . Salvage Created 104 | 72 19 13 Parts 11 | 4 6 1 Haulers Intercepted . | . . . Recyclers Shooed . | . . . Parts Field Recycled . | . . . Retrieved Matter . | . . . Parts Self-Destructed . | . . . Prevented . | . . . Kills | -11 -10 -10 ------- Run | Yrd Mat Min Combat Hostiles Destroyed 8 | 1 3 4 Guns 1 | 1 . . Cannons 1 | . . 1 AOE 6 | . 3 3 Classes Destroyed 6 | 2 1 3 Worker 1 | 1 . . Tunneler 1 | . . 1 Swarmer 3 | . 3 . Grunt 1 | 1 . . Demolisher 1 | . . 1 Assembled 3 | . . 3 Best Kill Streak 3 | 1 3 3 Combat Bots Only 3 | 1 3 3 Max Kills in Single Turn 2 | 1 2 1 Gunslinging . | . . . Exploded 2 | . 2 1 Melee . | . . . Uniques/NPCs Destroyed . | . . . Combat | -11 -10 -10 -------- Run | Yrd Mat Min Hostile Shots Fired 40 | 3 6 31 Missed 11 | 2 3 6 Hits 29 | 1 3 25 Melee 5 | . . 5 Projectile 24 | 1 3 20 AOE 15 | . . 15 Part Disruptions 1 | . . 1 Damage Taken 897 | 10 23 864 Core 266 | . 6 260 Absorbed by Shields . | . . . Core Remaining (%) 100 | 100 . . Volleys Fired 18 | 5 3 10 Largest 2 | 2 2 2 Hottest 63 | 40 60 63 Shots Fired 34 | 10 5 19 Gun 12 | 10 . 2 Cannon 13 | . 3 10 Launcher 9 | . 2 7 Special . | . . . Kinetic 25 | 10 3 12 Thermal . | . . . Explosive 9 | . 2 7 Electromagnetic . | . . . Robot Hit Streak 5 | 5 . 5 Robot Miss Streak 2 | 1 1 2 Penetration Max . | . . . Secondary Targets . | . . . Shots Hit Robots 14 | 7 . 7 Core Hits 21 | 4 3 14 Critical Kills . | . . . Critical Parts Destroyed . | . . . Critical Strikes . | . . . Melee Attacks . | . . . Impact . | . . . Slashing . | . . . Piercing . | . . . Sneak Attacks . | . . . Combat Hostiles . | . . . Follow-up Attacks . | . . . Damage Inflicted 547 | 73 144 330 Guns 97 | 73 . 24 Cannons 50 | . . 50 Explosions 400 | . 144 256 Melee . | . . . Ramming . | . . . Kinetic 147 | 73 . 74 Thermal . | . . . Explosive 400 | . 144 256 Electromagnetic . | . . . Impact . | . . . Slashing . | . . . Piercing . | . . . Highest Corruption 6 | . . 6 Average Corruption 5 | . . 5 Corruption Purged . | . . . Corruption Blocked . | . . . Effects 1 | . . 1 Data Loss (minor) 1 | . . 1 Overload Shots . | . . . Overflow Damage 25 | . . 25 Projectiles . | . . . Explosions 25 | . . 25 Melee . | . . . Knockbacks . | . . . Impact . | . . . Kinetic . | . . . Secondary . | . . . Self-Inflicted Damage 13 | . . 13 Shots 1 | . . 1 Rammed . | . . . Targets Rammed . | . . . Kicked . | . . . Crushed . | . . . Highest Temperature 115 | . . 115 Average Temperature 64 | . . 64 Received Heat Transfer 126 | 6 . 120 Siege Activations . | . . . Martial Activations . | . . . Shielding Activations . | . . . Robots Disrupted . | . . . Combat Hostiles . | . . . Robots Corrupted . | . . . Combat Hostiles . | . . . Parts Fried . | . . . Impact Corruptions . | . . . Robots Melted . | . . . Combat Hostiles . | . . . Parts Melted . | . . . Heat Transferred . | . . . Parts Sabotaged . | . . . Parts Stolen . | . . . Parts Stripped . | . . . Power Chain Reactions . | . . . Alert | -11 -10 -10 ------- Run | Yrd Mat Min Maximum Alert Level . | . . . Low Security (%) 100 | 100 100 100 Level 1 . | . . . Level 2 . | . . . Level 3 . | . . . Level 4 . | . . . Level 5 . | . . . High Security . | . . . Max Security . | . . . Peak Influence 92 | 20 92 20 Initial 19 | . . 19 Average 11 | 1 45 3 Influence Increases 187 | 25 102 60 Destroy 0b10 Robot/C 100 | 20 60 20 Destroy 0b10 Robot/NC 10 | 5 . 5 Destroy Leader 10 | . 10 . Disable Machine 15 | . 15 . Destroy Structure 52 | . 17 35 Influence Decreases 187 | 25 50 112 Entered New Map 33 | . . 33 Time Decay 141 | 25 50 66 Lost Part 13 | . . 13 Squads Dispatched . | . . . Investigation . | . . . Extermination . | . . . Reinforcement . | . . . Assault . | . . . Garrison . | . . . Intercept . | . . . Searches Triggered . | . . . Construction Impeded . | . . . Haulers Reinforced . | . . . Active Scanning Responses . | . . . Cargo Convoy Interrupts . | . . . Stealth | -11 -10 -10 --------- Run | Yrd Mat Min Distress Signals . | . . . Communications Jammed . | . . . Distress Signals . | . . . Times Spotted 15 | 1 3 11 Peak Tracking Total 9 | 1 3 9 Tactical Retreats 2 | . . 2 Traps | -11 -10 -10 ------- Run | Yrd Mat Min Traps Triggered . | . . . Indirectly . | . . . Trap Hack Attempts . | . . . Triggered . | . . . Disarmed . | . . . Reprogrammed . | . . . Reused . | . . . Traps Extracted . | . . . Installed . | . . . Triggered . | . . . Machines | -11 -10 -10 ---------- Run | Yrd Mat Min Machines Disabled 1 | . 1 . Max in Single Turn 1 | . 1 . Machines Repaired . | . . . Machines Dismantled . | . . . Machines Sabotaged . | . . . Overloaded Fab Kills . | . . . Hacking | -11 -10 -10 --------- Run | Yrd Mat Min Machines Accessed . | . . . Terminals . | . . . Fabricators . | . . . Repair Stations . | . . . Recycling Units . | . . . Scanalyzers . | . . . Garrison Access . | . . . Total Hacks . | . . . Successful . | . . . Failed . | . . . Catastrophic . | . . . Database Lockouts . | . . . Manual . | . . . Terminals . | . . . Fabricators . | . . . Repair Stations . | . . . Recycling Units . | . . . Scanalyzers . | . . . Garrison Access . | . . . Terminal Hacks . | . . . Fabricator Hacks . | . . . Repair Station Hacks . | . . . Recycling Unit Hacks . | . . . Scanalyzer . | . . . Garrison Access Hacks . | . . . Unauthorized Hacks . | . . . Terminals . | . . . Fabricators . | . . . Repair Stations . | . . . Recycling Units . | . . . Scanalyzers . | . . . Garrison Access . | . . . Data Cores Recovered . | . . . Used . | . . . Hacking Detections . | . . . Full Trace Events . | . . . Feedback Events . | . . . Feedback Blocked . | . . . Robot Schematics Acquired . | . . . Robots Built . | . . . Authchips . | . . . Time . | . . . Total Robot Build Rating . | . . . Part Schematics Acquired . | . . . Parts Built . | . . . Authchips . | . . . Time . | . . . Total Part Build Rating . | . . . Parts Repaired . | . . . Time . | . . . Parts Recycled . | . . . Recycled Matter . | . . . Retrieved Matter . | . . . Retrieved Components . | . . . Parts Scanalyzed . | . . . Part Schematics Acquired . | . . . Parts Damaged . | . . . Bothacking | -11 -10 -10 ------------ Run | Yrd Mat Min Used RIF Installer . | . . . Robots Hacked . | . . . Non-combat . | . . . Combat . | . . . Robot Hacks Applied . | . . . Relay Couplers Released . | . . . Fabnet Peak Effective % . | . . . Robots Rewired . | . . . Allies Hacked . | . . . Hacks Repelled . | . . . Allies | -11 -10 -10 -------- Run | Yrd Mat Min Total Allies . | . . . Largest Group . | . . . Highest-Rated Group . | . . . Highest-Rated Ally . | . . . Total Orders . | . . . Ally Attacks . | . . . Total Damage . | . . . Kills . | . . . Allies Corrupted . | . . . Allies Melted . | . . . Intel | -11 -10 -10 ------- Run | Yrd Mat Min Active Infowar (turns) 137 | . . 137 ECM 137 | . . 137 Robot Analysis Total . | . . . Derelict Logs Recovered . | . . . Drone Launches . | . . . Drone Recoveries . | . . . Exploration | -11 -10 -10 ------------- Run | Yrd Mat Min Turns Passed 717 | 253 154 310 Spaces Moved 510 | 199 98 213 Core 90 | 74 . 16 Treads . | . . . Legs . | . . . Wheels 420 | 125 98 197 Hover . | . . . Flight . | . . . Fastest Speed 50 | 50 80 80 Average Speed 95 | 68 91 122 Slowest Speed 400 | 80 95 400 Overloaded Moves . | . . . Propulsion Burnouts . | . . . Robots Hopped . | . . . Potential Cave-ins . | . . . Cave-ins Triggered . | . . . Exploration Rate (%) 22 | 11 16 40 Regions Visited 2 Branch Regions 1 Pre-discovered Areas . | . . . Known Exits Taken . | . . . Unknown Exits Taken 2 | 1 1 . Scrap Searched 1 | . . 1 Spaces Dug 12 | . . 12 Terrain Destroyed 77 | . 19 58 Melee . | . . . Projectile . | . . . AOE 77 | . 19 58 Terrain Rammed . | . . . Walls Destroyed . | . . . Machines Disabled . | . . . Actions | -11 -10 -10 --------- Run | Yrd Mat Min Total 702 | 305 155 242 Wait 129 | 89 39 1 Move 508 | 198 97 213 Hop . | . . . Pick Up 23 | 8 9 6 Fast Attach . | . . . Attach 12 | 5 2 5 Detach . | . . . Swap 10 | . 4 6 Drop 2 | . 1 1 Fire 18 | 5 3 10 Melee . | . . . Ram . | . . . Kick . | . . . Crush . | . . . Escape Stasis . | . . . Rewire . | . . . Trap . | . . . Miscellaneous . | . . . Route ------- -11/Scrapyard -10/Materials -10/Mines History --------- Turn | Location | Event 2 | -11/Scrapyard | Met Revision 17 109 | -11/Scrapyard | Discovered new exit (range 8) 254 | -11/Scrapyard | Entered Materials 278 | -10/Materials | Discovered new exit (range 15) 322 | -10/Materials | Build established: Mutant 408 | -10/Materials | Entered Mines 460 | -10/Mines | Assembled infested the area 501 | -10/Mines | Core integrity fell below 50% 503 | -10/Mines | Core integrity fell below 20% 522 | -10/Mines | A weapon hastily lodged in a ceiling crevice suddenly fell to the ground 531 | -10/Mines | Lost 6 parts (1p2n1u2w) 621 | -10/Mines | Received a Rocket Launcher from a helpful Derelict 718 | -10/Mines | Destroyed by as-49116 with Assembled Blade Last Messages --------------- U-05 Engineer lays Concrete. The unstable cave ceiling collapses. U-05 Engineer builds a Wall. U-05 Engineer lays Concrete. U-05 Engineer builds a Wall. Acquired Com. Wheel. U-05 Engineer lays Concrete. The unstable cave ceiling collapses. Lgt. Ion Engine destroyed. System corrupted by crushing effect (+3). U-05 Engineer lays Concrete. The unstable cave ceiling collapses. U-05 Engineer builds a Wall. ECM Suite destroyed. System corrupted by crushing effect (+3). System corrupted: Component data lost. U-05 Engineer builds a Wall. as-49116 sneak attacks. The unstable cave ceiling collapses. [Achievement: First Step to Greatness] Map ----- +----------------------------------------------------+ | ????????????????########### ##### ######## | | ??????????????????????????# # ## | | ??????????????????????????## # ####### | | ??????????????????????????# # # # #??????? | | ????????????????????####??# ## ##### #??????? | | ???????????????????## ### # #??????? | | ??????????????????## ## ## #######??????? | | ??????????????????# # # # #???????? | | ?????????????????## ## ##???????? | | ???????????????### # ##????????? | | ??????????????## ####?????????? | | ??????????????# #????????????? | | ??????????????## ## #????????????? | | ???????????????## #### #????????????? | | ????????????????## ### # #????????????? | | ?????????????????###### ####### ##????????????? | | ??????????????????????# ###???###?????????????? | | ??????????????????????#k#?????????????????????? | | ??????????????#####???# #?#####?###???????????? | | ????????####### #??# ### ## ##??????????? | | ???????# ### ### # ##?????????? | | ???????# a ##????????? | | ????????????## # # #????????? | | ???????????## a #### ## #### #????? | | ???????????# a## ##! ## %== #????? | | ???????????# @a % ####?????? | | ???????????## ###### # #= #????????? | | ????????????## ????## ## ##=###???????? | | ?????????????## #?????# [=%=!% *%= #? | | ??????????????## ??????########%###???????? | | ???????????????## ???????????????#?????????? | | ????????????????## ?????????????????????????? | | ?????????????????## ??????????????????????????? | | ??????????????????# ??????????????????????????? | | ??????????????????# ??????????????????????????? | | ?????????????????? ??????????????????????????? | | ?????????????????? ???????????????????????????? | | ??????????????????#???????????????????????????? | | ??????????????????????????????????????????????? | | ??????????????????????????????????????????????? | | ??????????????????????????????????????????????? | | ??????????????????????????????????????????????? | | ??????????????????????????????????????????????? | | | | | | | | | | | | | | | +----------------------------------------------------+ Best States ------------- Heat Dissipation 35 Energy Generation 10 Energy Capacity 250 Matter Stores 300 Matter Capacity 400 Sight Range 16 Terrain Scan Density 10 ECM Strength 1 Evasion (%) 50 Item Schematics ----------------- None Robot Schematics ------------------ None Fabricated ------------ Nothing Repaired ---------- Nothing Alien Tech Used ----------------- None Achievements -------------- First Step to Greatness Challenges ------------ None Game ------ Seed LaserArcBarrier Manual? 0 Play Time 00:29:15 Cumulative 0.4 hours Start 2025.07.21 @ 18:55:57 End 2025.07.21 @ 19:27:07 Sessions 1 Manual Loads 0 Difficulty Rogue Special Mode None Game No. 1 Rogue 1 Adventurer 0 Explorer 0 Win Type - Total 0 Types 0/0/0/0/0/0/0/0/0/0 Lore% 0 Gallery% 1 Achievement% 0 Wizard Run 0 Options --------- Layout 1 ASCII 0 Keyboard 0 Movement Numpad Keybinds 0 Fullscreen 1 Font 32/SmallcapsGlow Map View 50x35 Zoom Use 0% Tactical HUD 0 Map Filters NONE Filters NONE Steam 1 RUN: 75862a79-8408-4791-9a8d-ad3c94b30d5d